[ AOE2 MATCH · #481200638 ]
Team RMMongols vs Dravidians
[ REPLAY ANALYSIS · EXTRACTED FROM THE RECORDED GAME ]
Feudal
11:07
Castle
15:55
Imperial
35:15
| APM avg | 23.8 |
| APM peak | 67 |
| eAPM avg | 12.9 |
| Villagers / military | 134 / 93 |
Focus
⚔️ 20.4% · 🌾 79.6%
Mangudai ×76 · Steppe Lancer ×6 · Mangonel ×4 · Trebuchet (Packed) ×3 · Monk ×2 · Spearman ×2
Feudal
11:25
Castle
25:46
Imperial
39:54
| APM avg | 11.6 |
| APM peak | 31 |
| eAPM avg | 8.1 |
| Villagers / military | 63 / 68 |
Focus
⚔️ 31.9% · 🌾 68.1%
Spearman ×67 · Monk ×1
Feudal
11:40
Castle
20:59
Imperial
36:32
| APM avg | 17.5 |
| APM peak | 44 |
| eAPM avg | 10.6 |
| Villagers / military | 80 / 68 |
Focus
⚔️ 30.1% · 🌾 69.9%
Spearman ×42 · Hand Cannoneer ×17 · Skirmisher ×5 · Mangonel ×2 · Monk ×1 · Bombard Cannon ×1
Feudal
9:53
Castle
21:16
Imperial
41:31
| APM avg | 15.9 |
| APM peak | 36 |
| eAPM avg | 10.2 |
| Villagers / military | 102 / 156 |
Focus
⚔️ 26.6% · 🌾 73.4%
Knight ×101 · Obuch ×20 · Trade Cart ×20 · Petard ×15 · Mangonel ×14 · Scout Cavalry ×4
Match map
Resources at game start + every placement click. Thick line = wall · dashed box = detected house wall. 🟡 gold · ⚪ stone · 🟢 berries · 🔶 boar · ⭕ relic
Inputs per minute
— bjoern4tel - - Laràs
Build order — bjoern4tel
First 150 of 310 actions detected
| 0:04 | Build | House |
| 0:06 | Build | House |
| 0:12 | Create | Villager (Male) |
| 0:13 | Create | Villager (Male) |
| 0:13 | Create | Villager (Male) |
| 0:13 | Create | Villager (Male) |
| 1:57 | Create | Villager (Male) |
| 1:58 | Create | Villager (Male) |
| 2:17 | Build | Lumber Camp |
| 2:54 | Create | Villager (Male) |
| 3:32 | Create | Villager (Male) |
| 3:41 | Create | Villager (Male) |
| 4:09 | Create | Villager (Male) |
| 4:18 | Build | House |
| 4:22 | Build | Mill |
| 4:28 | Create | Villager (Male) |
| 4:55 | Create | Villager (Male) |
| 5:15 | Create | Villager (Male) |
| 5:16 | Create | Villager (Male) |
| 6:06 | Create | Villager (Male) |
| 6:33 | Build | House |
| 6:40 | Create | Villager (Male) |
| 7:10 | Build | Lumber Camp |
| 7:16 | Create | Villager (Male) |
| 7:39 | Create | Villager (Male) |
| 7:42 | Create | Villager (Male) |
| 7:43 | Create | Villager (Male) |
| 7:57 | Build | House |
| 8:32 | Research | Feudal Age |
| 8:56 | Build | Barracks |
| 9:03 | Build | Mining Camp |
| 9:41 | Build | Palisade Wall |
| 9:57 | Create | Villager (Male) |
| 10:24 | Build | Farm |
| 10:51 | Create | Villager (Male) |
| 11:01 | Build | Farm |
| 11:07 | Age | Feudal Age |
| 11:13 | Build | Stable |
| 11:35 | Create | Villager (Male) |
| 11:36 | Create | Villager (Male) |
| 11:50 | Create | Villager (Male) |
| 12:18 | Build | Market |
| 12:23 | Build | House |
| 12:53 | Build | Farm |
| 13:03 | Build | Palisade Wall |
| 13:15 | Research | Castle Age |
| 13:44 | Build | Mining Camp |
| 13:56 | Build | House |
| 14:05 | Research | Double-Bit Axe |
| 14:20 | Build | Farm |
| 14:36 | Build | Farm |
| 14:40 | Create | Villager (Male) |
| 14:41 | Create | Villager (Male) |
| 14:46 | Build | Farm |
| 15:16 | Build | House |
| 15:18 | Build | House |
| 15:28 | Build | Farm |
| 15:33 | Research | Horse Collar |
| 15:55 | Age | Castle Age |
| 16:00 | Build | Farm |
| 16:24 | Create | Spearman |
| 16:32 | Build | Farm |
| 16:40 | Create | Villager (Male) |
| 16:42 | Create | Villager (Male) |
| 17:16 | Build | Town Center |
| 17:36 | Create | Villager (Male) |
| 17:37 | Create | Villager (Male) |
| 17:37 | Create | Villager (Male) |
| 17:52 | Create | Villager (Male) |
| 18:20 | Create | Villager (Male) |
| 18:30 | Create | Villager (Male) |
| 18:39 | Create | Villager (Male) |
| 19:05 | Create | Spearman |
| 19:26 | Create | Villager (Male) |
| 19:45 | Build | Blacksmith |
| 20:07 | Create | Villager (Male) |
| 20:08 | Create | Villager (Male) |
| 20:08 | Create | Villager (Male) |
| 20:36 | Build | Farm |
| 20:37 | Build | Farm |
| 20:45 | Research | Fletching |
| 20:49 | Create | Villager (Male) |
| 20:53 | Build | Farm |
| 21:14 | Build | Farm |
| 21:14 | Build | Farm |
| 21:15 | Build | Farm |
| 21:18 | Create | Villager (Male) |
| 21:26 | Create | Villager (Male) |
| 21:38 | Create | Villager (Male) |
| 21:56 | Create | Villager (Male) |
| 21:59 | Create | Villager (Male) |
| 22:05 | Build | Farm |
| 23:12 | Build | Castle |
| 23:25 | Create | Steppe Lancer ×5 |
| 23:25 | Create | Steppe Lancer |
| 23:38 | Create | Villager (Male) |
| 23:38 | Create | Villager (Male) |
| 23:53 | Create | Villager (Male) |
| 24:02 | Build | House |
| 24:04 | Build | House |
| 24:05 | Build | House |
| 24:07 | Build | House |
| 24:13 | Research | Wheelbarrow |
| 24:31 | Build | University |
| 24:35 | Create | Villager (Male) |
| 24:35 | Create | Villager (Male) |
| 25:14 | Create | Villager (Male) |
| 25:15 | Create | Villager (Male) |
| 25:16 | Create | Villager (Male) |
| 25:16 | Create | Villager (Male) |
| 25:21 | Create | Villager (Male) |
| 25:45 | Build | Town Center |
| 25:57 | Build | Mill |
| 25:58 | Build | Farm |
| 25:59 | Build | Farm |
| 25:59 | Build | Farm |
| 25:59 | Build | Farm |
| 25:59 | Build | Farm |
| 26:00 | Build | Farm |
| 26:03 | Create | Mangudai ×5 |
| 26:04 | Create | Mangudai ×5 |
| 26:04 | Create | Mangudai ×5 |
| 26:20 | Create | Villager (Male) |
| 26:21 | Create | Villager (Male) |
| 26:21 | Create | Villager (Male) |
| 26:22 | Create | Villager (Male) |
| 26:30 | Build | Farm |
| 26:30 | Build | Farm |
| 26:31 | Build | Farm |
| 26:31 | Build | Farm |
| 26:32 | Build | Farm |
| 26:32 | Build | Farm |
| 26:34 | Create | Villager (Male) |
| 26:34 | Create | Villager (Male) |
| 26:35 | Create | Villager (Male) |
| 26:56 | Create | Villager (Male) |
| 26:57 | Create | Villager (Male) |
| 27:16 | Create | Villager (Male) |
| 27:59 | Create | Villager (Male) |
| 28:00 | Create | Villager (Male) |
| 28:06 | Create | Villager (Male) |
| 28:06 | Create | Villager (Male) |
| 28:07 | Create | Villager (Male) |
| 28:16 | Research | Ballistics |
| 28:19 | Research | Bodkin Arrow |
| 28:29 | Build | Farm |
| 28:30 | Build | Farm |
| 28:30 | Build | Farm |
| 28:30 | Build | Farm |
| 28:30 | Build | Farm |
Build order — Laràs
First 150 of 224 actions detected
| 0:02 | Create | Villager (Male) |
| 0:02 | Create | Villager (Male) |
| 0:02 | Create | Villager (Male) |
| 0:02 | Create | Villager (Male) |
| 0:03 | Create | Villager (Male) |
| 0:05 | Build | House |
| 0:06 | Build | House |
| 1:26 | Create | Villager (Male) |
| 1:54 | Create | Villager (Male) |
| 3:17 | Create | Villager (Male) |
| 3:17 | Create | Villager (Male) |
| 3:17 | Create | Villager (Male) |
| 4:10 | Build | House |
| 4:32 | Build | Lumber Camp |
| 4:46 | Create | Villager (Male) |
| 4:46 | Create | Villager (Male) |
| 4:47 | Create | Villager (Male) |
| 4:47 | Create | Villager (Male) |
| 4:47 | Create | Villager (Male) |
| 6:13 | Build | Mill |
| 6:29 | Build | House |
| 6:34 | Build | House |
| 6:56 | Create | Villager (Male) |
| 6:56 | Create | Villager (Male) |
| 6:56 | Create | Villager (Male) |
| 6:57 | Create | Villager (Male) |
| 8:17 | Build | Farm |
| 8:18 | Build | Farm |
| 8:29 | Research | Loom |
| 8:40 | Build | Farm |
| 9:15 | Research | Feudal Age |
| 10:20 | Build | Barracks |
| 10:30 | Create | Villager (Male) |
| 10:30 | Create | Villager (Male) |
| 10:31 | Create | Villager (Male) |
| 11:25 | Age | Feudal Age |
| 11:28 | Research | Horse Collar |
| 11:30 | Research | Double-Bit Axe |
| 11:55 | Build | Farm |
| 12:21 | Build | Farm |
| 12:52 | Create | Spearman |
| 12:53 | Create | Spearman |
| 12:53 | Create | Spearman |
| 12:54 | Create | Spearman |
| 12:59 | Build | Farm |
| 13:01 | Create | Villager (Male) |
| 13:01 | Create | Villager (Male) |
| 13:36 | Build | House |
| 13:40 | Build | House |
| 13:41 | Build | House |
| 13:49 | Build | House |
| 14:00 | Create | Villager (Male) |
| 14:01 | Create | Villager (Male) |
| 14:01 | Create | Villager (Male) |
| 14:13 | Build | Farm |
| 14:16 | Build | Farm |
| 14:21 | Build | Farm |
| 14:26 | Build | Farm |
| 15:01 | Build | Blacksmith |
| 15:10 | Research | Wheelbarrow |
| 15:33 | Build | Farm |
| 15:48 | Build | Archery Range |
| 17:06 | Create | Spearman |
| 17:06 | Create | Spearman |
| 17:06 | Create | Spearman |
| 17:07 | Create | Spearman |
| 17:23 | Build | House |
| 17:25 | Build | House |
| 18:13 | Build | Farm |
| 18:14 | Build | Farm |
| 18:15 | Build | Farm |
| 18:17 | Build | Farm |
| 18:59 | Build | Palisade Wall |
| 19:24 | Create | Villager (Male) |
| 19:25 | Create | Villager (Male) |
| 19:25 | Create | Villager (Male) |
| 19:25 | Create | Villager (Male) |
| 19:25 | Create | Villager (Male) |
| 19:39 | Research | Scale Mail Armor |
| 19:41 | Research | Padded Archer Armor |
| 19:53 | Research | Arson |
| 20:13 | Build | Mining Camp |
| 20:21 | Create | Villager (Male) |
| 20:21 | Create | Villager (Male) |
| 20:21 | Create | Villager (Male) |
| 20:46 | Build | Palisade Wall |
| 21:25 | Build | Palisade Wall |
| 21:58 | Research | Forging |
| 22:01 | Research | Scale Barding Armor |
| 22:03 | Research | Fletching |
| 22:11 | Research | Gold Mining |
| 22:35 | Build | Market |
| 22:50 | Build | Building 800 |
| 23:06 | Research | Castle Age |
| 24:10 | Build | Farm |
| 24:34 | Create | Spearman |
| 24:35 | Create | Spearman |
| 24:35 | Create | Spearman |
| 24:35 | Create | Spearman |
| 24:35 | Create | Spearman |
| 24:36 | Create | Spearman |
| 24:36 | Create | Spearman |
| 24:36 | Create | Spearman |
| 25:46 | Age | Castle Age |
| 25:55 | Research | Pikeman (upgrade) |
| 25:57 | Create | Villager (Male) |
| 25:58 | Create | Villager (Male) |
| 25:58 | Create | Villager (Male) |
| 25:58 | Create | Villager (Male) |
| 25:58 | Create | Villager (Male) |
| 25:59 | Create | Villager (Male) |
| 25:59 | Create | Villager (Male) |
| 26:12 | Research | Bow Saw |
| 26:15 | Research | Heavy Plow |
| 26:21 | Research | Gold Shaft Mining |
| 26:23 | Research | Stone Mining |
| 26:34 | Build | Town Center |
| 28:01 | Build | Palisade Wall |
| 28:35 | Research | Chain Mail Armor |
| 28:52 | Build | Mining Camp |
| 29:04 | Build | Monastery |
| 29:06 | Create | Villager (Male) |
| 29:06 | Create | Villager (Male) |
| 29:07 | Create | Villager (Male) |
| 29:07 | Create | Villager (Male) |
| 29:07 | Create | Villager (Male) |
| 29:07 | Create | Villager (Male) |
| 29:10 | Create | Villager (Male) |
| 29:10 | Create | Villager (Male) |
| 29:11 | Create | Villager (Male) |
| 29:11 | Create | Villager (Male) |
| 29:11 | Create | Villager (Male) |
| 29:12 | Create | Villager (Male) |
| 30:18 | Create | Spearman |
| 30:18 | Create | Spearman |
| 30:18 | Create | Spearman |
| 30:18 | Create | Spearman |
| 30:19 | Create | Spearman |
| 30:19 | Create | Spearman |
| 30:19 | Create | Spearman |
| 31:33 | Build | Farm |
| 31:54 | Build | Stable |
| 32:26 | Build | Lumber Camp |
| 32:30 | Build | Farm |
| 32:45 | Build | House |
| 33:16 | Build | Mining Camp |
| 33:50 | Build | Farm |
| 34:10 | Build | University |
| 34:30 | Build | House |
| 34:31 | Build | House |
Build order — Josep152x
First 150 of 271 actions detected
| 0:02 | Build | House |
| 0:03 | Create | Villager (Male) |
| 0:03 | Create | Villager (Male) |
| 0:03 | Create | Villager (Male) |
| 0:05 | Build | House |
| 0:45 | Create | Villager (Male) |
| 1:36 | Create | Villager (Male) |
| 2:19 | Build | Lumber Camp |
| 2:24 | Create | Villager (Male) |
| 2:25 | Create | Villager (Male) |
| 3:02 | Create | Villager (Male) |
| 3:03 | Create | Villager (Male) |
| 3:24 | Build | House |
| 3:59 | Create | Villager (Male) |
| 3:59 | Create | Villager (Male) |
| 4:00 | Create | Villager (Male) |
| 4:45 | Build | House |
| 5:00 | Build | Mill |
| 5:05 | Create | Villager (Male) |
| 5:05 | Create | Villager (Male) |
| 5:41 | Create | Villager (Male) |
| 5:41 | Create | Villager (Male) |
| 6:18 | Build | Mill |
| 6:26 | Create | Villager (Male) |
| 6:28 | Research | Loom |
| 6:48 | Create | Villager (Male) |
| 7:31 | Create | Villager (Male) |
| 8:17 | Create | Villager (Male) |
| 8:21 | Build | House |
| 8:30 | Create | Villager (Male) |
| 9:28 | Research | Feudal Age |
| 9:35 | Build | Mining Camp |
| 10:37 | Create | Villager (Male) |
| 10:37 | Create | Villager (Male) |
| 11:40 | Age | Feudal Age |
| 12:05 | Create | Villager (Male) |
| 12:13 | Research | Horse Collar |
| 12:16 | Research | Double-Bit Axe |
| 12:21 | Build | House |
| 12:25 | Build | House |
| 12:51 | Build | Farm |
| 12:52 | Build | Farm |
| 12:52 | Build | Farm |
| 12:53 | Build | Farm |
| 12:54 | Build | Farm |
| 12:54 | Build | Farm |
| 12:55 | Build | Farm |
| 13:01 | Create | Villager (Male) |
| 13:02 | Create | Villager (Male) |
| 13:18 | Build | Farm |
| 13:19 | Build | Farm |
| 13:19 | Build | Farm |
| 13:20 | Build | Farm |
| 13:21 | Build | Farm |
| 13:21 | Build | Farm |
| 13:30 | Create | Villager (Male) |
| 13:36 | Build | House |
| 13:43 | Create | Villager (Male) |
| 13:52 | Build | Mining Camp |
| 14:06 | Build | House |
| 14:27 | Create | Villager (Male) |
| 14:37 | Build | House |
| 15:11 | Build | Blacksmith |
| 15:17 | Create | Villager (Male) |
| 15:22 | Research | Wheelbarrow |
| 16:25 | Create | Villager (Male) |
| 16:36 | Build | Market |
| 16:46 | Create | Villager (Male) |
| 17:54 | Create | Villager (Male) |
| 18:09 | Research | Castle Age |
| 18:16 | Build | Barracks |
| 19:31 | Build | Barracks |
| 19:34 | Build | House |
| 19:35 | Build | House |
| 19:37 | Build | House |
| 20:08 | Create | Spearman |
| 20:09 | Create | Spearman |
| 20:09 | Create | Spearman |
| 20:09 | Create | Spearman |
| 20:11 | Create | Spearman |
| 20:25 | Create | Spearman |
| 20:25 | Create | Spearman |
| 20:25 | Create | Spearman |
| 20:30 | Create | Spearman |
| 20:38 | Research | Scale Mail Armor |
| 20:40 | Research | Forging |
| 20:44 | Create | Villager (Male) |
| 20:45 | Create | Villager (Male) |
| 20:45 | Create | Villager (Male) |
| 20:46 | Create | Villager (Male) |
| 20:59 | Age | Castle Age |
| 21:35 | Build | Town Center |
| 21:43 | Create | Villager (Male) |
| 21:44 | Create | Villager (Male) |
| 21:48 | Research | Gold Mining |
| 21:50 | Research | Stone Mining |
| 21:57 | Research | Pikeman (upgrade) |
| 21:59 | Research | Squires |
| 22:04 | Research | Gambesons |
| 22:07 | Research | Iron Casting |
| 22:07 | Research | Chain Mail Armor |
| 22:24 | Build | Monastery |
| 22:31 | Build | Siege Workshop |
| 22:35 | Build | House |
| 22:36 | Build | House |
| 22:37 | Build | House |
| 22:38 | Build | House |
| 22:40 | Build | House |
| 22:46 | Research | Bow Saw |
| 22:50 | Research | Heavy Plow |
| 23:14 | Create | Villager (Male) |
| 23:21 | Create | Villager (Male) |
| 23:23 | Create | Villager (Male) |
| 23:25 | Create | Villager (Male) |
| 23:51 | Create | Villager (Male) |
| 23:54 | Create | Monk |
| 24:22 | Build | Castle |
| 25:10 | Build | University |
| 25:18 | Create | Spearman |
| 25:18 | Create | Spearman |
| 25:19 | Create | Spearman |
| 25:19 | Create | Spearman |
| 25:19 | Create | Spearman |
| 25:19 | Create | Spearman |
| 25:20 | Create | Spearman |
| 25:20 | Create | Spearman |
| 25:38 | Create | Villager (Male) |
| 25:38 | Create | Villager (Male) |
| 25:47 | Build | Farm |
| 25:48 | Build | Farm |
| 25:48 | Build | Farm |
| 25:49 | Build | Farm |
| 25:50 | Build | Farm |
| 26:00 | Build | Farm |
| 26:06 | Create | Villager (Male) |
| 26:10 | Create | Villager (Male) |
| 26:10 | Create | Villager (Male) |
| 26:11 | Create | Villager (Male) |
| 26:51 | Build | Farm |
| 26:57 | Create | Spearman |
| 26:57 | Create | Spearman |
| 27:01 | Create | Villager (Male) |
| 27:01 | Create | Villager (Male) |
| 27:13 | Create | Villager (Male) |
| 27:14 | Create | Villager (Male) |
| 27:14 | Create | Villager (Male) |
| 27:25 | Build | House |
| 27:26 | Build | House |
| 27:27 | Build | House |
| 27:30 | Build | House |
Build order — zaxolinchen
First 150 of 336 actions detected
| 0:03 | Build | House |
| 0:05 | Build | House |
| 0:05 | Create | Villager (Male) |
| 0:06 | Create | Villager (Male) |
| 0:06 | Create | Villager (Male) |
| 0:06 | Create | Villager (Male) |
| 1:34 | Create | Villager (Male) |
| 1:51 | Build | Lumber Camp |
| 1:59 | Create | Villager (Male) |
| 2:36 | Create | Villager (Male) |
| 2:57 | Create | Villager (Male) |
| 3:28 | Create | Villager (Male) |
| 3:32 | Create | Villager (Male) |
| 3:39 | Build | House |
| 4:12 | Create | Villager (Male) |
| 4:46 | Create | Villager (Male) |
| 4:47 | Create | Villager (Male) |
| 5:20 | Build | Mill |
| 5:32 | Create | Villager (Male) |
| 5:45 | Create | Villager (Male) |
| 5:48 | Create | Villager (Male) |
| 6:36 | Create | Villager (Male) |
| 6:37 | Create | Villager (Male) |
| 7:21 | Build | Farm |
| 7:26 | Build | Farm |
| 7:43 | Research | Feudal Age |
| 7:58 | Build | Mining Camp |
| 8:42 | Create | Villager (Male) |
| 9:26 | Build | Barracks |
| 9:35 | Create | Villager (Male) |
| 9:47 | Create | Villager (Male) |
| 9:53 | Age | Feudal Age |
| 10:07 | Research | Double-Bit Axe |
| 10:41 | Build | House |
| 10:47 | Build | House |
| 10:53 | Create | Villager (Male) |
| 11:14 | Build | Stable |
| 11:38 | Research | Horse Collar |
| 11:44 | Create | Villager (Male) |
| 12:05 | Build | Farm |
| 12:09 | Build | Farm |
| 12:11 | Create | Scout Cavalry |
| 12:11 | Create | Scout Cavalry |
| 12:12 | Create | Scout Cavalry |
| 12:27 | Create | Villager (Male) |
| 12:28 | Create | Villager (Male) |
| 12:35 | Build | Farm |
| 12:51 | Build | House |
| 12:53 | Build | House |
| 12:56 | Create | Villager (Male) |
| 12:59 | Create | Scout Cavalry |
| 13:29 | Build | Blacksmith |
| 13:42 | Create | Villager (Male) |
| 13:54 | Build | Mill |
| 13:57 | Create | Villager (Male) |
| 14:00 | Create | Villager (Male) |
| 14:17 | Create | Villager (Male) |
| 14:24 | Build | Farm |
| 14:27 | Build | Farm |
| 14:35 | Build | Mill |
| 14:38 | Build | Farm |
| 14:57 | Create | Villager (Male) |
| 15:07 | Research | Forging |
| 15:08 | Research | Scale Barding Armor |
| 15:14 | Build | Farm |
| 15:31 | Create | Villager (Male) |
| 15:36 | Build | Farm |
| 15:40 | Build | Farm |
| 16:11 | Create | Villager (Male) |
| 16:14 | Create | Villager (Male) |
| 16:52 | Create | Villager (Male) |
| 16:53 | Create | Villager (Male) |
| 17:01 | Build | Farm |
| 17:01 | Build | Farm |
| 17:01 | Build | Farm |
| 17:07 | Build | Farm |
| 17:07 | Build | Farm |
| 17:07 | Build | Farm |
| 17:07 | Build | Farm |
| 18:33 | Create | Villager (Male) |
| 18:36 | Research | Castle Age |
| 18:48 | Build | Farm |
| 18:50 | Build | Farm |
| 18:54 | Build | Farm |
| 19:30 | Create | Villager (Male) |
| 19:31 | Create | Villager (Male) |
| 20:12 | Build | Palisade Wall |
| 20:29 | Build | Palisade Wall |
| 20:39 | Build | Stable |
| 20:43 | Create | Villager (Male) |
| 21:16 | Age | Castle Age |
| 21:27 | Build | Town Center |
| 21:32 | Create | Villager (Male) |
| 21:51 | Build | Archery Range |
| 21:54 | Build | Archery Range |
| 21:56 | Create | Villager (Male) |
| 22:08 | Build | Farm |
| 22:30 | Research | Iron Casting |
| 22:34 | Create | Knight |
| 22:36 | Create | Knight |
| 22:45 | Create | Villager (Male) |
| 22:46 | Create | Villager (Male) |
| 22:46 | Create | Villager (Male) |
| 22:51 | Research | Bow Saw |
| 23:02 | Create | Villager (Male) |
| 23:04 | Create | Villager (Male) |
| 23:04 | Create | Villager (Male) |
| 23:14 | Create | Villager (Male) |
| 23:15 | Create | Villager (Male) |
| 23:49 | Create | Villager (Male) |
| 24:07 | Build | Farm |
| 24:18 | Build | Castle |
| 24:34 | Create | Villager (Male) |
| 24:39 | Create | Villager (Male) |
| 24:45 | Build | Town Center |
| 24:50 | Create | Villager (Male) |
| 24:51 | Create | Villager (Male) |
| 25:01 | Create | Villager (Male) |
| 25:07 | Build | Farm |
| 25:33 | Build | Mining Camp |
| 25:36 | Create | Villager (Male) |
| 25:37 | Create | Villager (Male) |
| 25:37 | Create | Villager (Male) |
| 25:48 | Build | Siege Workshop |
| 25:57 | Create | Villager (Male) |
| 25:57 | Create | Villager (Male) |
| 26:08 | Create | Villager (Male) |
| 26:08 | Create | Villager (Male) |
| 26:36 | Build | Lumber Camp |
| 26:41 | Create | Villager (Male) |
| 26:45 | Build | Farm |
| 26:50 | Create | Villager (Male) |
| 26:54 | Build | Farm |
| 27:00 | Create | Villager (Male) |
| 27:00 | Create | Villager (Male) |
| 27:01 | Create | Villager (Male) |
| 27:01 | Create | Villager (Male) |
| 27:05 | Build | Farm |
| 27:28 | Create | Obuch |
| 27:30 | Create | Obuch |
| 27:32 | Create | Obuch |
| 27:35 | Create | Obuch |
| 27:40 | Create | Obuch |
| 27:42 | Create | Obuch |
| 28:12 | Create | Villager (Male) |
| 28:13 | Create | Villager (Male) |
| 28:14 | Create | Villager (Male) |
| 28:15 | Create | Villager (Male) |
| 28:15 | Create | Villager (Male) |
| 28:17 | Create | Villager (Male) |
Match timeline
| 8:56 | bjoern4tel · first_building Barracks |
| 9:26 | zaxolinchen · first_building Barracks |
| 9:41 | bjoern4tel · wall_segment Palisade Wall x15 |
| 9:53 | zaxolinchen · age_up feudal |
| 10:20 | Laràs · first_building Barracks |
| 11:07 | bjoern4tel · age_up feudal |
| 11:13 | bjoern4tel · first_building Stable |
| 11:14 | zaxolinchen · first_building Stable |
| 11:25 | Laràs · age_up feudal |
| 11:40 | Josep152x · age_up feudal |
| 13:03 | bjoern4tel · wall_segment Palisade Wall x6 |
| 15:48 | Laràs · first_building Archery Range |
| 15:55 | bjoern4tel · age_up castle |
| 18:16 | Josep152x · first_building Barracks |
| 18:59 | Laràs · wall_segment Palisade Wall x6 |
| 20:12 | zaxolinchen · wall_segment Palisade Wall x5 |
| 20:29 | zaxolinchen · wall_segment Palisade Wall x2 |
| 20:46 | Laràs · wall_segment Palisade Wall x12 |
| 20:59 | Josep152x · age_up castle |
| 21:16 | zaxolinchen · age_up castle |
| 21:25 | Laràs · wall_segment Palisade Wall x9 |
| 21:51 | zaxolinchen · first_building Archery Range |
| 22:24 | Josep152x · first_building Monastery |
| 22:31 | Josep152x · first_building Siege Workshop |
| 23:12 | bjoern4tel · first_building Castle |
| 24:18 | zaxolinchen · first_building Castle |
| 24:22 | Josep152x · first_building Castle |
| 25:34 | bjoern4tel · first_market_sell 100 wood |
| 25:36 | bjoern4tel · first_market_buy 100 stone |
| 25:46 | Laràs · age_up castle |
| 25:48 | zaxolinchen · first_building Siege Workshop |
| 28:01 | Laràs · wall_segment Palisade Wall x1 |
| 29:04 | Laràs · first_building Monastery |
| 31:54 | Laràs · first_building Stable |
| 32:12 | bjoern4tel · first_building Monastery |
| 32:18 | Laràs · first_market_buy 100 wood |
| 32:23 | zaxolinchen · wall_segment Stone Wall x14 |
| 32:32 | zaxolinchen · wall_segment Stone Wall x5 |
| 32:40 | bjoern4tel · first_building Siege Workshop |
| 33:20 | Josep152x · first_market_buy 100 food |
| 34:43 | Josep152x · first_building Archery Range |
| 35:15 | bjoern4tel · age_up imperial |
| 36:32 | Josep152x · age_up imperial |
| 38:58 | Laràs · first_building Castle |
| 39:54 | Laràs · age_up imperial |
| 41:31 | zaxolinchen · age_up imperial |
| 43:21 | bjoern4tel · first_building Archery Range |
| 43:32 | zaxolinchen · first_market_buy 100 wood |
| 45:14 | Laràs · resign |
[ AI ANALYSIS · 1 CREDIT ]
What really happened in this match?
Wolo.gg analyzes every decision: build order, eco, micro, common mistakes by bracket. Personalized analysis on WhatsApp or Discord in 30 seconds.
Civ guide
Mongols
Map guide
Lombardia
Perfil
Jugador #5805821